 Dungeon Crawl Stone Soup version 0.18.1-50-g88ac8fd (webtiles) character file.

38 Amnesiac the Charlatan (level 3, 0/20 HPs)
             Began as a Deep Elf Artificer on Feb 28, 2018.
             Slain by Duvessa
             ... wielding a +0 rapier
              (5 damage)
             ... on level 4 of the Dungeon.
             The game lasted 00:01:19 (659 turns).

Amnesiac the Charlatan (Deep Elf Artificer)          Turns: 659, Time: 00:01:20

Health: 0/20       AC:  3    Str:  8    XL:     3   Next: 25%
Magic:  8/8        EV: 12    Int: 17    God:
Gold:   79         SH:  0    Dex: 15    Spells: 0 memorised, 2 levels left

rFire  . . .     SeeInvis .     a - +0 short sword
rCold  . . .     Gourm    .     b - +0 leather armour
rNeg   . . .     Faith    .     (no shield)
rPois  .         Spirit   .     (no helmet)
rElec  .         Dismiss  .     (no cloak)
rCorr  .         Reflect  .     (no gloves)
SustAt .         Harm     .     (no boots)
MR     .....                    (no amulet)
Stlth  ++........               (no ring)
                                (no ring)

@: not resistant to hostile enchantments, unstealthy
A: no striking features
a: no special abilities


You were on level 4 of the Dungeon.
You were not hungry.

You visited 1 branch of the dungeon, and saw 4 of its levels.

You collected 79 gold pieces.

Inventory:

Hand Weapons
 a - a +0 short sword (weapon)
Missiles
 j - 13 poisoned needles
Armour
 b - a +0 leather armour (worn)
Wands
 c - a wand of flame (15/48)
 d - a wand of enslavement (13/24)
 e - a wand of random effects (15/48)
Scrolls
 g - a scroll of identify {!r, unknown}
 h - a scroll of remove curse {!r, unknown}
 i - a scroll of magic mapping {!r, unknown}
 k - a scroll of enchant armour {!r, unknown}
Potions
 l - a potion of mutation {!q, unknown}
Comestibles
 f - a bread ration


   Skills:
 - Level 0.7 Fighting
 - Level 1.0 Short Blades
 - Level 2.4 Dodging
 - Level 1.2 Stealth
 + Level 4.8 Evocations


You had 2 spell levels left.
You didn't know any spells.

Dungeon Overview and Level Annotations

Branches:
Dungeon (4/15)
 Temple: D:4-7

Altars:

Annotations:
D:4 Duvessa


Message History

Zapping:
d - a wand of enslavement (15/24)
Press: ? - help, Shift-Dir - straight line, f - Duvessa
Aim: Duvessa, wielding a rapier (fast, chance to defeat MR: 37%) Duvessa easily resists.
This wand has 14 charges left.
Duvessa closely misses you.
Evoke which item? (* to show all) (? for menu, Esc to quit)
Zapping:
d - a wand of enslavement (14/24)
Press: ? - help, Shift-Dir - straight line, f/p - Duvessa
Aim: Duvessa, wielding a rapier (fast, chance to defeat MR: 37%) Duvessa is charmed.
This wand has 13 charges left.
The jackal barely misses Duvessa.
What do you say? t - Shout!
Orders for allies: a - Attack new target. p - Attack previous target. r - Retreat! s - Stop attacking. w - Wait here. f - Follow me.
Anything else - Stay silent.
Wait here!
Duvessa hits the jackal with a rapier.
The jackal barely misses Duvessa.
Duvessa barely misses the jackal.
The jackal bites Duvessa.
Duvessa barely misses the jackal.
The jackal bites Duvessa.
Duvessa barely misses the jackal.
The jackal closely misses Duvessa.
Duvessa closely misses the jackal.
You feel a bit more experienced.
Found an escape hatch in the ceiling.
An orc comes into view. It is wielding a flail.
You hear a distant scream of rage.
You have reached level 3!
Your experience leads to an increase in your attributes!
Increase (S)trength, (I)ntelligence, or (D)exterity?
You feel clever.
You feel a bit more experienced.
All of the chunks of flesh in your inventory have rotted away.
You see here a jackal corpse.
Duvessa goes berserk!
l - a fuming white potion {!q}
Things that are here:
a dagger; a robe What do you say? t - Shout!
Orders for allies: a - Attack new target. p - Attack previous target. r - Retreat! s - Stop attacking. w - Wait here. f - Follow me.
Anything else - Stay silent.
Wait here!
You see here a jackal corpse.
You hear a shout!
Duvessa is too close now for your liking.
Duvessa is nearby!
Duvessa is nearby!
Duvessa rages.
There is a stone staircase leading up here.
Evoke which item? (* to show all) (? for menu, Esc to quit)
Okay, then.
Duvessa rages.
Duvessa rages.
Duvessa completely misses you. Duvessa closely misses you.
A worm comes into view.
Duvessa hits you with a rapier!
* * * LOW HITPOINT WARNING * * *
You hear an angry hiss.
Duvessa hits you with a rapier.
You die...

#.##..# #.#...##
#. ####......## ..
..##.......######
#.
#.#..............
#.
#.##..........###
#. #.##..<...#.#.#
#. ##.##.#...##.#
#
#.###...#.##..##@#
#.)†..#.......##e#
.####...#<.......#
#..###.#####.#
#.## #.# #w# #.#
#.# #.. #.# #.#
#.#. #.# #.# #.###
... ... ..#


You could see Duvessa (berserk) and a worm.

Vanquished Creatures
  A bat (D:1)
  2 goblins
  A hobgoblin (D:1)
  3 jackals (D:4)
  2 kobolds
  A giant newt (D:4)
  A rat (D:3)
11 creatures vanquished.

Vanquished Creatures (collateral kills)
  Dowan (D:4)
  A jackal (D:4)
2 creatures vanquished.

Grand Total: 13 creatures vanquished

Notes
Turn   | Place    | Note
--------------------------------------------------------------
     0 | D:1      | Amnesiac the Deep Elf Artificer began the quest for the Orb.
     0 | D:1      | Reached XP level 1. HP: 11/11 MP: 5/5
   403 | D:3      | Reached XP level 2. HP: 4/16 MP: 6/6
   595 | D:4      | Reached skill level 4 in Evocations
   596 | D:4      | Noticed Dowan
   599 | D:4      | Noticed Duvessa
   624 | D:4      | Killed Dowan
   624 | D:4      | Reached XP level 3. HP: 12/20 MP: 8/8
   659 | D:4      | Slain by Duvessa

Skill      XL: |  1  2 |
---------------+-------+-----
Evocations     | 4 |  4.8
Fighting       | |  0.7
Short Blades   | |  1.0
Dodging        | |  2.4
Stealth        | |  1.2

Action                   || total
-------------------------++-------
Melee: Short sword       ||    53
Evoke: Wand              ||     2
 Stab: Sleeping          ||     1
Armor: Leather armour    ||    16
Dodge: Dodged            ||    42
